AoeStats
← Lubka

Arena

508882814Analyzed
1v1 RM · 7d ago on Sep 24, 2026· 36m 37s· 2 players
Game mode
Random Map
Map size
Tiny (2 player)
Population
200
Speed
Normal
Resources
Standard
Victory
Conquest
Starting age
Dark Age
Ending age
Imperial Age
RankedLock teamsTeams togetherTeam positionsShared explorationLock speedFull tech treeHidden civsTurbo modeCheats
Victory
Defeat
🇨🇳 Britons · China
1119
+16
🇦🇹 Turks · Austria
1124
-16
小雷同志
9:52 Feudal Age
10:47 Double-Bit Axe
13:35 Castle Age
11:44 Double-Bit Axe
12:40 Horse Collar
22:56 Wheelbarrow
22:14 Loom
23:05 Gold Mining
25:25 Gold Shaft Mining
24:41 Stone Mining
25:06 Bow Saw
29:17 Imperial Age
26:22 Pikeman
27:02 Squires
27:56 Scale Mail Armor
28:07 Forging
27:48 Fletching
27:58 Padded Archer Armor
27:53 Elite Skirmisher
29:00 Chain Mail Armor
29:32 Padded Archer Armor
29:48 Chain Mail Armor
30:08 Iron Casting
31:44 Chemistry
31:24 Conscription
31:14 Bodkin Arrow
32:36 Bracer
32:54 Leather Archer Armor
33:28 Treadmill Crane
33:52 Elite Longbowman
34:07 Halberdier
35:19 Plate Mail Armor
36:38 Ballistics
36:13 Halberdier
36:34 Capped Ram
Lubka
7:54 Loom
10:45 Feudal Age
16:03 Castle Age
14:38 Double-Bit Axe
15:51 Horse Collar
27:09 Imperial Age
25:34 Gold Mining
26:23 Bloodlines
27:22 Husbandry
28:37 Wheelbarrow
29:07 Fletching
35:29 Scale Barding Armor
Connection lost

Rejoining the realm…

Still unreachable

The connection could not be restored.

Session expired

The server has moved on; the page needs a fresh start.